 Dungeon Crawl Stone Soup version 0.20.0-15-g7f486f2 (webtiles) character file.

849 JeffiDaFish the Digger (level 8, -1/44 HPs)
             Began as a Gargoyle Earth Elementalist on June 14, 2017.
             Slain by a two-headed ogre
             ... wielding a +0 dire flail
              (2 damage)
             ... on level 5 of the Dungeon on June 15, 2017.
             The game lasted 00:23:03 (5390 turns).

JeffiDaFish the Digger (GrEE)                       Turns: 5390, Time: 00:23:05

Health: -1/44      AC: 14    Str: 12      XL:     8   Next: 1%
Magic:  0/14       EV: 13    Int: 15 (16) God:
Gold:   258        SH:  0    Dex: 11 (12) Spells: 3/16 levels left

rFire    + . .     SeeInvis .   s - +0 short sword (speed)
rCold    . . .     Gourm    +   (no shield)
rNeg     + . .     Faith    .   c - +2 robe
rPois    ∞         Spirit   .   (no helmet)
rElec    +         Reflect  .   (no cloak)
rCorr    .         Harm     .   i - +1 pair of gloves
MR       .....                  q - +2 pair of boots
Stlth    ++........             p - amulet of the gourmand
Regen    0.2/turn               m - ring of protection from fire
MPRegen  0.2/turn               (no ring)

@: very slightly contaminated
A: talons 1, deterioration 1, negative energy resistance 1, electricity
resistance, unbreathing, petrification resistance, rot immunity, AC +5
a: no special abilities


You were on level 5 of the Dungeon.
You were very full.

You visited 1 branch of the dungeon, and saw 5 of its levels.

You collected 271 gold pieces.
You spent 13 gold pieces at shops.

Inventory:

Hand Weapons
 s - a +0 short sword of speed (weapon)
 t - a +0 blowgun
Missiles
 a - 2 needles of sleeping
 b - 153 stones (quivered)
 u - 5 poisoned needles
Armour
 c - a +2 robe (worn)
 i - a +1 pair of gloves (worn)
 q - a +2 pair of boots (worn)
Jewellery
 m - a ring of protection from fire (left hand)
 p - an amulet of the gourmand (around neck)
Wands
 h - a wand of paralysis (20/24)
Scrolls
 j - 3 scrolls of remove curse
 k - 3 scrolls of magic mapping
 o - a scroll of recharging
 r - a scroll of amnesia
Books
 e - a book of Geomancy

   Spells                             Type                      Level
   a - Sandblast                      Earth                        1
   b - Passwall                       Transmutation/Earth          2
   c - Stone Arrow                    Conjuration/Earth            3
   d - Petrify                        Transmutation/Earth          4
   e - Lee's Rapid Deconstruction     Earth                        5
Comestibles
 d - 4 bread rations
 f - 2 meat rations
 g - a royal jelly
 l - 3 fruits
 n - 3 chunks of flesh


   Skills:
 + Level 1.9 Fighting
 + Level 2.6 Short Blades
 + Level 0.4 Armour
 + Level 2.8 Dodging
 + Level 3.2 Stealth
 - Level 0.2 Unarmed Combat
 * Level 4.6 Spellcasting
 + Level 1.6 Conjurations
 + Level 0.7 Transmutations
 + Level 6.6 Earth Magic


You had 3 spell levels left.
You knew the following spells:

 Your Spells              Type           Power        Failure   Level  Hunger
a - Sandblast             Erth           ###...       1%          1    None
b - Stone Arrow           Conj/Erth      ###...       9%          3    ###....
c - Lee's Rapid Deconstr  Erth           ###.......   30%         5    ######.
d - Petrify               Tmut/Erth      ##......     36%         4    ####...


Dungeon Overview and Level Annotations

Branches:
Dungeon (5/15)
 Temple: D:4-7

Altars:
Ashenzari
Elyvilon
Gozag
Trog
Uskayaw

Shops:
D:4 }=(*


Innate Abilities, Weirdness & Mutations

You are resistant to torment.
Your stone body is resilient. (AC +5)
You are immune to poison.
You resist negative energy. (rN+)
You are resistant to electric shocks. (rElec)
You can survive without breathing.
You are immune to petrification.
You are immune to rotting.
You have sharp toenails.
Your body sometimes deteriorates upon taking damage.


Message History

The two-headed ogre is severely wounded.
You hit the two-headed ogre but do no damage.
The two-headed ogre is severely wounded.
The two-headed ogre hits you with a dire flail.
* * * LOW HITPOINT WARNING * * *
The two-headed ogre hits you but does no damage.
You completely miss the two-headed ogre.
The two-headed ogre is severely wounded.
Casting: Sandblast
Confirm with . or Enter, or press ? or * to list all spells.
Aiming: Sandblast
Press: ? - help, Shift-Dir - straight line, f/p - two-headed ogre
Aim: a two-headed ogre, wielding a dire flail and a giant club (severely wounded)
The blast of sand hits the two-headed ogre.
The two-headed ogre is almost dead.
b - 153 stones The two-headed ogre hits you with a dire flail.
* * * LOW HITPOINT WARNING * * *
The two-headed ogre hits you with a giant club.
You die...

####.# #. .. #.# #.
.. ##+## #. ###.
##...## #. #...
##.....## #. #.#!##
##.......###.
#....####.........##.
#...O...'....>....'..
#...@####.........###
#.#.## ##.......## #
## ##.....## ##...##
##+##


You could see a two-headed ogre.

Vanquished Creatures
  Grinder (D:3)
  Sigmund (D:3)
  3 wights (D:4)
  A hound (D:4)
  2 orc priests (D:4)
  Terence (D:3)
  An iguana (D:4)
  3 worker ants (D:5)
  4 adders
  A shadow imp (D:5)
  3 oozes
  5 worms (D:2)
  5 dart slugs
  A leopard gecko (D:1)
  11 orcs
  6 bats
  4 giant cockroaches
  7 goblins
  7 hobgoblins
  2 jackals (D:1)
  3 kobolds
  2 quokkas
  A ball python (D:1)
  3 frilled lizards
  A giant cockroach zombie (D:5)
  A leopard gecko skeleton (D:4)
  16 rats
96 creatures vanquished.

Vanquished Creatures (others)
  An adder (D:5)
1 creature vanquished.

Grand Total: 97 creatures vanquished

Notes
Turn   | Place    | Note
-------+----------+-------------------------------------------
     0 | D:1      | JeffiDaFish the Gargoyle Earth Elementalist began the quest for the Orb.
     0 | D:1      | Reached XP level 1. HP: 10/10 MP: 3/3
   439 | D:1      | Reached skill level 4 in Earth Magic
   439 | D:1      | Reached XP level 2. HP: 9/15 MP: 0/5
  1024 | D:1      | Reached XP level 3. HP: 19/19 MP: 6/6
  1180 | D:1      | Learned a level 3 spell: Stone Arrow
  1562 | D:2      | Reached skill level 1 in Short Blades
  1690 | D:2      | Reached XP level 4. HP: 11/24 MP: 0/7
  2120 | D:2      | Noticed a moth of wrath
  2123 | D:2      | Found a bloodstained altar of Trog.
  2292 | D:3      | Found a shattered altar of Ashenzari.
  2292 | D:3      | Found a white marble altar of Elyvilon.
  2298 | D:3      | Found a hide-covered altar of Uskayaw.
  2320 | D:3      | Found an opulent altar of Gozag.
  2588 | D:3      | Noticed Grinder
  2767 | D:3      | Paralysed by Grinder for 3 turns
  2781 | D:3      | Killed Grinder
  2781 | D:3      | Reached skill level 1 in Fighting
  2781 | D:3      | Reached skill level 5 in Earth Magic
  2781 | D:3      | Reached XP level 5. HP: 24/29 MP: 2/10
  2781 | D:3      | Reached XP level 6. HP: 29/34 MP: 2/11
  2820 | D:3      | Noticed Terence
  2842 | D:3      | Killed Terence
  2968 | D:3      | Gained mutation: Your body sometimes deteriorates upon taking damage. [potion of mutation]
  2968 | D:3      | Gained mutation: You have sharp toenails. [potion of mutation]
  3374 | D:3      | Noticed Sigmund
  3377 | D:3      | Killed Sigmund
  3377 | D:3      | Reached skill level 1 in Conjurations
  3377 | D:3      | Reached XP level 7. HP: 38/38 MP: 4/13
  3521 | D:3      | Learned a level 5 spell: Lee's Rapid Deconstruction
  3779 | D:4      | Found Fopsir's Weapon Emporium.
  3784 | D:4      | Bought 2 needles of sleeping for 13 gold pieces
  3805 | D:4      | Found Apytujea's Gadget Boutique.
  3817 | D:4      | Reached skill level 6 in Earth Magic
  4079 | D:4      | Found Daomar Gocu's Jewellery Shop.
  4514 | D:4      | Found Jiskuoc's Assorted Antiques.
  5121 | D:5      | Entered Level 5 of the Dungeon
  5316 | D:5      | Reached XP level 8. HP: 44/44 MP: 10/14
  5347 | D:5      | Learned a level 4 spell: Petrify
  5379 | D:5      | Noticed a two-headed ogre
  5390 | D:5      | HP: 1/44 [two-headed ogre/dire flail (6)]
  5390 | D:5      | Slain by a two-headed ogre

Skill      XL: |  1  2  3  4  5  6  7 |
---------------+----------------------+-----
Earth Magic    | 4 5 6 |  6.6
Short Blades   | 1 2 |  2.6
Dodging        | 2 |  2.8
Fighting       | 1 |  1.9
Spellcasting   | 3 4 |  4.6
Conjurations   | 1 |  1.6
Stealth        | 3 |  3.2
Armour         | |  0.4
Unarmed Combat | |  0.2
Transmutations | |  0.7

Action                   |  1- 3 |  4- 6 |  7- 9 || total
-------------------------+-------+-------+-------++-------
Melee: Unarmed           |    22 |       |       ||    22
       Short sword       |    59 |   136 |   136 ||   331
 Cast: Sandblast         |    16 |    34 |    27 ||    77
       Stone Arrow       |     4 |     8 |    13 ||    25
       Lee's Rapid Decon |       |       |     1 ||     1
  Use: Potion            |     1 |     6 |     1 ||     8
       Scroll            |     4 |     6 |     4 ||    14
 Stab: Sleeping          |     2 |     2 |     3 ||     7
  Eat: Chunk             |     3 |    19 |     8 ||    30
Armor: Robe              |    27 |    55 |    38 ||   120
Dodge: Dodged            |    58 |    83 |    76 ||   217
